 Dungeon Crawl Stone Soup version 0.32-a0-643-ga006e7742e (webtiles) character file.

Game seed: 1807255457808348394

203078 whatisthis the Minotaur Blade (level 17, -4/176 HPs)
             Began as a Minotaur Gladiator on Mar 7, 2024.
             Was a Believer of Uskayaw.
             Slain by a merfolk
             ... wielding a +0 glaive
             ... led by a merfolk impaler
              (13 damage)
             ... on level 4 of the Shoals on Mar 8, 2024.
             The game lasted 01:23:06 (38871 turns).

whatisthis the Minotaur Blade (Minotaur Gladiator) Turns: 38871, Time: 01:23:07

Health: -4/176     AC: 30    Str: 30    XL:     17   Next: 96%
Magic:  0/32       EV:  6    Int:  5    God:    Uskayaw [**....]
Gold:   1349       SH:  0    Dex: 22    Spells: 16/16 levels left

rFire   + . .        Q - +4 great sword of Embarrassment {venom, Str+4}
rCold   . . .        (shield currently unavailable)
rNeg    . . .        L - +2 chain mail {rF+}
rPois   +            c - +1 hat
rElec   +            K - +2 cloak
rCorr   .            e - +2 pair of gloves of True Grit {rElec rPois Dex+3}
SInv    .            E - +2 pair of boots
Will    +++..        Z - amulet of reflection Stlth
                     n - ring "Edudac" {Fly rPois Will++ MP+9 Dex-5}
HPRegen 0.49/turn    h - ring "Meoxzer" {Str+5 Dex+6 Slay+3 Stlth-}
MPRegen 0.23/turn

%: reflection
@: about to teleport, flying, held
A: horns 2, retaliatory headbutt
}: 1/15 runes: gossamer
a: Renounce Religion, Stomp, Line Pass


You were on level 4 of the Shoals.
You worshipped Uskayaw.
Uskayaw was aware of your devotion.
You visited 6 branches of the dungeon, and saw 31 of its levels.
You also visited: Sewer.

You collected 2824 gold pieces.
You spent 1475 gold pieces at shops.

Inventory:

Hand Weapons
 p - a +4 scimitar of flaming
 Q - the +4 great sword of Embarrassment (weapon) {venom, Str+4}
   (You found it on level 14 of the Dungeon)

   Str+4:     It affects your strength (+4).
Missiles
 d - 3 throwing nets
 s - 37 boomerangs
 B - 62 poisoned darts (quivered)
 C - 6 silver javelins
 M - 5 curare-tipped darts
Armour
 c - a +1 hat (worn)
 e - the +2 pair of gloves of True Grit (worn) {rElec rPois Dex+3}
   (You found it on level 4 of the Spider Nest)

   Dex+3:     It affects your dexterity (+3).
   rElec:     It insulates you from electricity.
   rPois:     It protects you from poison.
 t - the +0 pair of gloves of the Stars {rF++ rC++ Will-}
   (You found it on level 2 of the Shoals)

   rF++:      It greatly protects you from fire.
   rC++:      It greatly protects you from cold.
   Will-:     It decreases your willpower.
 E - a +2 pair of boots (worn)
 K - a +2 cloak (worn)
 L - a +2 chain mail of fire resistance (worn)
Jewellery
 h - the ring "Meoxzer" (right hand) {Str+5 Dex+6 Slay+3 Stlth-}
   (You bought it in a shop on level 2 of the Orcish Mines)

   [ring of dexterity]

   Str+5:     It affects your strength (+5).
   Dex+6:     It affects your dexterity (+6).
   Slay+3:    It affects your accuracy & damage with ranged weapons and melee
   (+3).
   Stlth-:    It makes you less stealthy.
 n - the ring "Edudac" (left hand) {Fly rPois Will++ MP+9 Dex-5}
   (You found it on level 1 of the Shoals)

   [ring of poison resistance]

   Dex-5:     It affects your dexterity (-5).
   rPois:     It protects you from poison.
   Will++:    It greatly increases your willpower.
   MP+9:      It affects your magic capacity (+9).
   Fly:       It grants you flight.
 y - a ring of flight
 G - a ring of protection from cold
 H - the ring of Warolu {rElec rC+ Str+6 Dex+2}
   (You found it on level 6 of the Dungeon)

   [ring of strength]

   Str+6:     It affects your strength (+6).
   Dex+2:     It affects your dexterity (+2).
   rC+:       It protects you from cold.
   rElec:     It insulates you from electricity.
 J - a ring of see invisible
 S - a ring of protection from fire
 V - a +6 ring of dexterity
 Z - an amulet of reflection (around neck)
Wands
 a - a wand of mindburst (46)
 l - a wand of warping (9)
 o - a wand of flame (53)
 w - a wand of charming (37)
 R - a wand of quicksilver (7)
Scrolls
 g - 2 scrolls of poison
 j - 5 scrolls of enchant weapon
 m - 4 scrolls of teleportation
 q - a scroll of blinking
 r - a scroll of fog
 x - 2 scrolls of brand weapon
 D - 3 scrolls of revelation
 I - 3 scrolls of immolation
 P - 5 scrolls of summoning
 X - a scroll of silence
Potions
 b - 5 potions of heal wounds
 f - 4 potions of haste
 i - 3 potions of might
 k - 11 potions of curing
 u - 4 potions of berserk rage
 v - 5 potions of brilliance
 z - 6 potions of ambrosia
 A - 2 potions of invisibility
 F - 8 potions of enlightenment
 N - 2 potions of attraction
 O - 3 potions of cancellation {unknown}
 T - 4 potions of mutation {unknown}
 U - a potion of magic {unknown}
 W - a potion of resistance {unknown}
 Y - 2 potions of experience {unknown}


   Skills:
 + Level 21.8 Fighting
 + Level 21.8 Long Blades
 - Level 2.0 Throwing
 + Level 21.0 Armour
 - Level 3.2 Dodging
 - Level 10.2 Invocations


You had 16 spell levels left.
You didn't know any spells.
Your spell library contained the following spells:

 Spells                   Type           Power      Damage    Failure   Level
 Sandblast                Erth           0%         2d4       75%         1
 Cigotuvi's Dreadful Rot  Necr/Alch/Air  0%         N/A       87%         2
 Confusing Touch          Hex            0%         N/A       98%         3
 Dazzling Flash           Conj/Hex       0%         N/A       98%         3
 Frozen Ramparts          Ice            0%         1d1       98%         3
 Fugue of the Fallen      Necr           0%         N/A       98%         3
 Mephitic Cloud           Conj/Alch/Air  0%         N/A       98%         3
 Ozocubu's Armour         Ice            0%         N/A       98%         3
 Passwall                 Erth           0%         N/A       98%         3
 Stone Arrow              Conj/Erth      0%         3d7       98%         3
 Teleport Other           Tloc           0%         N/A       98%         3
 Tukima's Dance           Hex            0%         N/A       98%         3
 Volatile Blastmotes      Fire/Tloc      0%         2d10      98%         3
 Animate Armour           Summ/Erth      0%         N/A       100%        4
 Brom's Barrelling Bould  Conj/Erth      0%         2d3       100%        4
 Dimensional Bullseye     Hex/Tloc       0%         N/A       100%        4
 Dispel Undead            Necr           0%         3d6       100%        4
 Iskenderun's Mystic Bla  Conj/Tloc      0%         2d3       100%        4
 Leda's Liquefaction      Alch/Erth      0%         N/A       100%        4
 Manifold Assault         Tloc           0%         N/A       100%        4
 Martyr's Knell           Necr/Summ      0%         N/A       100%        4
 Petrify                  Alch/Erth      0%         N/A       100%        4
 Curse of Agony           Necr           0%         N/A       100%        5
 Metabolic Englaciation   Hex/Ice        0%         N/A       100%        5
 Silence                  Hex/Air        0%         N/A       100%        5
 Yara's Violent Unravell  Hex/Alch       0%         3d3       100%        5
 Death Channel            Necr           0%         N/A       100%        6
 Starburst                Conj/Fire      0%         6d3       100%        6
 Lehudib's Crystal Spear  Conj/Erth      0%         10d2      100%        8
 Maxwell's Capacitive Co  Air            0%         ∞         100%        8


Dungeon Overview and Level Annotations

Branches:
Dungeon (15/15)            Temple (1/1) D:6            Lair (5/5) D:10
 Shoals (4/4) Lair:3       Spider (4/4) Lair:3          Orc (2/2) D:11
    Elf (0/3) Orc:2        Vaults (0/5) D:13         Depths (0/4) D:15
  Sewer (visited)
  Slime: Lair:4-5

Altars:
Ashenzari
Cheibriados
Dithmenos
Elyvilon
Fedhas
Gozag
Hepliaklqana
Kikubaaqudgha
Makhleb
Nemelex Xobeh
Okawaru
Qazlal
Ru
Sif Muna
Trog
Uskayaw
Vehumet
Wu Jian
Xom
Yredelemnul
Zin
The Shining One
Jiyva
Lugonu

Shops:
D:4 :   D:13 [   Orc:1 (   Orc:2 *![*==

Annotations:
D:2 1 runed translucent door, Crazy Yiuf
D:3 1 runed translucent door, Dazliare's ghost, amateur CoBr
D:6 1 runed translucent door, hattop's ghost, novice CoMo
D:7 2 transporters
D:15 Roxanne
Lair:3 1 runed translucent door, Rudyous's ghost, journeyman CoFi
Lair:4 2 transporters, exclusion: 3 oklob plants, Agan's ghost, journeyman MeSh


Innate Abilities, Weirdness & Mutations

You have a pair of horns on your head.
You reflexively headbutt those who attack you in melee.


Message History

The manticore claws you but does no damage. x2
The manticore barely misses you.
The manticore claws you but does no damage.
The manticore claws you!
* * * LOW HITPOINT WARNING * * *
The merfolk hits you from afar with a +0 spear!
* * * LOW HITPOINT WARNING * * *
The merfolk hits you but does no damage.
The merfolk impaler hits you with a +0 antimagic trident!
* * * LOW HITPOINT WARNING * * *
You feel your power leaking away.
Unknown command.
You feel much better.
You carefully extract the barbed spikes from your body.
The manticore bites you!
* * * LOW HITPOINT WARNING * * *
The manticore barely misses you.
The manticore claws you but does no damage.
The manticore bites you but does no damage.
The manticore claws you but does no damage. x2
The merfolk impaler hits you but does no damage.
The merfolk hits you from afar with a +0 spear.
* * * LOW HITPOINT WARNING * * *
The merfolk hits you from afar with a +0 glaive.
* * * LOW HITPOINT WARNING * * *
You feel much better.
The merfolk impaler hits you with a +0 antimagic trident!
* * * LOW HITPOINT WARNING * * *
You feel your power leaking away.
The manticore bites you but does no damage.
The manticore closely misses you. The manticore barely misses you.
The manticore bites you but does no damage.
The manticore claws you but does no damage.
The manticore claws you!
* * * LOW HITPOINT WARNING * * *
The merfolk hits you but does no damage.
The merfolk impaler hits you but does no damage.
The merfolk hits you from afar with a +0 glaive!
You die...
Your body falls in perfect tune with the rhythm.

~~~~# ~~~~# #.~. ~~~~##
##.~P. . ~~~..# ##~...
.. ~~...# ###~~~.####...
~~~..# ..~~~......~P
~~~.## #......P.~~~
~.†.# #.H~~~~~~P~ ≈~†.#
### ##)m@~~~~~~P ≈≈~.#
#.####.~)~H~~~~~~
≈≈~.####......~mm~/~~..~
~≈~~..##..~(~~~~~~......
.~~~<..#..~~~~~~~~..###.
.~~~~....~~~~~≈≈~~..#
~~~~~~~~~~~≈≈≈≈≈~~~..#
P~~~~~~~~~~≈≈≈≈≈≈~~~..
~~~~~~~~~~~≈≈≈≈≈≈≈~~~~


You could see a merfolk impaler (poisoned), 2 merfolk and 2 manticores.

Vanquished Creatures
  Nikola (Spider:2)
  Jorgrun (Orc:1)
  Rupert (D:15)
  Frances (Spider:1)
  Kirke (D:12)
  Aizul (Spider:2)
  6 ghost moths
  The ghost of javelincjr the Fighter, a journeyman DjHW of Qazlal (Shoals:2)
  7 emperor scorpions
  An ironbound preserver (D:13)
  3 broodmothers
  2 spark wasps (Spider:4)
  2 fire dragons (D:15)
  Josephine (Orc:1)
  5 merfolk impalers
  3 entropy weavers (Spider:2)
  5 centaur warriors
  A jorogumo (Spider:2)
  5 merfolk avatars
  2 hydras
  11 boulder beetles
  An alligator snapping turtle (Shoals:2)
  A two-headed ogre (Orc:1)
  Erica (Orc:1)
  A catoblepas (D:13)
  A merfolk aquamancer (Shoals:2)
  3 radroaches
  A satyr (Shoals:3)
  3 orc high priests (Orc:2)
  Urug (Lair:5)
  3 tengu warriors
  10 demonic crawlers
  A shock serpent (shapeshifter) (D:15)
  5 skysharks
  8 sea snakes
  7 pharaoh ants
  2 sun moths
  8 orb spiders
  A lindwurm (Lair:5)
  8 orc knights
  5 steelbarb worms
  11 harpies
  8 ugly things
  21 wolf spiders
  4 orc sorcerers (Orc:2)
  14 manticores
  Maurice (D:7)
  6 moths of wrath
  11 fauns
  2 kobold blastminers (Orc:2)
  8 cyclopes
  11 black mambas
  A guardian serpent (Lair:5)
  9 meliai
  8 merfolk sirens
  7 water nymphs
  4 torpor snails
  20 elephants
  23 cane toads
  An efreet (D:15)
  A yaktaur (D:15)
  A freezing wraith (D:15)
  A tengu conjurer (D:14)
  9 komodo dragons
  5 trolls
  16 merfolk
  12 hornets
  3 polar bears
  5 wind drakes
  Grinder (D:6)
  27 tarantellas
  13 blink frogs
  3 snapping turtles
  14 dream sheep
  6 wraiths
  14 wyverns
  13 slime creatures
  A spriggan (shapeshifter) (D:15)
  2 shadows
  Sigmund (D:2)
  8 jumping spiders
  10 water elementals
  18 culicivoras
  4 hogs
  40 yaks
  Eustachio (D:6)
  7 vampire mosquitoes
  3 wargs
  2 basilisks
  57 redbacks
  3 two-headed ogre zombies (D:11)
  29 water moccasins
  15 orc warriors
  2 laughing skulls (D:14)
  5 ogres
  2 sky beasts
  4 black bears
  9 wolves
  7 centaurs
  A phantom (D:11)
  4 kobold brigands
  9 bullfrogs
  3 scorpions
  5 wights (D:7)
  A troll zombie (D:11)
  10 killer bees
  12 howler monkeys
  3 electric eels
  2 hounds
  17 orc priests
  3 sleepcaps
  Jessica (D:2)
  Terence (D:2)
  2 iguanas (D:5)
  16 orc wizards
  4 ogre zombies (D:11)
  Robin (D:1)
  9 adders
  4 gnolls (D:3)
  3 river rats (Sewer)
  A shadow imp (D:7)
  3 white imps
  A dart slug (D:2)
  A ribbon worm (D:2)
  55 orcs
  7 ball pythons
  5 bats
  4 endoplasms
  3 giant cockroaches
  4 gnoll zombies (D:11)
  13 goblins
  13 hobgoblins
  6 jackals
  3 quokkas (D:1)
  4 frilled lizards
  2 gnoll skeletons (D:11)
  25 kobolds
  3 orc skeletons (D:11)
  16 orc zombies (D:11)
  8 rats
964 creatures vanquished.

Vanquished Creatures (others)
  A human (D:13)
  An acid dragon (D:13)
  An orc priest (Orc:2)
  An orc wizard (Orc:2)
  4 spectral weapons
8 creatures vanquished.

Grand Total: 972 creatures vanquished

Notes
Turn   | Place    | Note
-------+----------+-------------------------------------------
     0 | D:1      | whatisthis the Minotaur Gladiator began the quest for the
                  | Orb.
     0 | D:1      | Reached XP level 1. HP: 18/18 MP: 0/0
   133 | D:1      | Reached XP level 2. HP: 20/26 MP: 1/1
   850 | D:2      | Reached XP level 3. HP: 31/31 MP: 2/2
   868 | D:2      | Noticed Robin
  1301 | D:1      | Killed Robin
  1302 | D:1      | Reached skill level 5 in Long Blades
  1302 | D:1      | Reached XP level 4. HP: 27/40 MP: 3/3
  1414 | D:2      | Noticed Terence
  1420 | D:2      | Killed Terence
  1495 | D:2      | Got the Lessons on the Ill-omened Jaunt
  1675 | D:2      | Noticed Jessica
  1681 | D:2      | Killed Jessica
  1682 | D:2      | Reached XP level 5. HP: 41/47 MP: 4/4
  1720 | D:2      | Noticed Sigmund
  1737 | D:2      | Killed Sigmund
  1738 | D:2      | Reached skill level 5 in Fighting
  1738 | D:2      | Reached XP level 6. HP: 41/57 MP: 5/5
  2096 | D:2      | Found a runed translucent door.
  2097 | D:2      | Noticed Crazy Yiuf
  3047 | D:3      | Found a runed translucent door.
  3052 | D:3      | Noticed Dazliare's ghost (amateur CoBr)
  3548 | D:4      | Reached skill level 1 in Armour
  3660 | D:4      | Noticed a water moccasin
  3668 | D:4      | Killed a water moccasin
  3902 | D:4      | Found an ornate altar of the Wu Jian Council.
  3913 | D:4      | Found Rige's Book Boutique.
  3928 | D:4      | Reached XP level 7. HP: 64/64 MP: 6/6
  4131 | D:5      | Entered Level 5 of the Dungeon
  4175 | D:5      | Found a glowing drain.
  4182 | Sewer    | Entered a sewer
  4477 | Sewer    | Found a white marble altar of Elyvilon.
  5188 | D:6      | Reached XP level 8. HP: 69/73 MP: 7/7
  5252 | D:6      | Noticed Grinder
  5252 | D:6      | Noticed Eustachio
  5255 | D:6      | Paralysed by Grinder for 5 turns
  5265 | D:6      | Paralysed by Grinder for 3 turns
  5297 | D:6      | Killed Grinder
  5298 | D:6      | Reached skill level 5 in Armour
  5442 | D:6      | Killed Eustachio
  5782 | D:6      | Found a staircase to the Ecumenical Temple.
  5868 | D:6      | Identified the ring of Warolu {rElec rC+ Str+6 Dex+2}
  5883 | Temple   | Entered the Ecumenical Temple
  5898 | Temple   | Became a worshipper of Uskayaw the Reveller
  5928 | D:6      | Found a sacrificial altar of Ru.
  5988 | D:6      | Reached * piety under Uskayaw
  6066 | D:6      | Found a runed translucent door.
  6067 | D:6      | Noticed hattop's ghost (novice CoMo)
  6146 | D:7      | Reached ** piety under Uskayaw
  6338 | D:7      | Reached *** piety under Uskayaw
  6339 | D:7      | Reached XP level 9. HP: 43/83 MP: 8/8
  6478 | D:7      | Paralysed by a hornet for 3 turns
  6483 | D:7      | HP: 2/83 [hornet (11)]
  6812 | D:7      | Noticed a green ugly thing
  6813 | D:7      | Found a transporter.
  6814 | D:7      | Noticed a red ugly thing
  6814 | D:7      | Noticed a brown ugly thing
  6815 | D:7      | Found a corrupted altar of Lugonu.
  6815 | D:7      | Noticed a purple ugly thing
  6886 | D:7      | Reached **** piety under Uskayaw
  6888 | D:7      | Reached skill level 10 in Long Blades
  6892 | D:7      | Reached ***** piety under Uskayaw
  6990 | D:7      | Found a basalt altar of Yredelemnul.
  6990 | D:7      | Found an ancient bone altar of Kikubaaqudgha.
  6991 | D:7      | Found a blossoming altar of Fedhas.
  7040 | D:7      | Noticed Maurice
  7052 | D:7      | Maurice stole a +4 long sword
  7057 | D:7      | Maurice stole 300 gold
  7059 | D:7      | Killed Maurice
  7060 | D:7      | Reached skill level 10 in Fighting
  7301 | D:7      | Found a bloodstained altar of Trog.
  7596 | D:7      | Found a transporter.
  7969 | D:8      | Reached ****** piety under Uskayaw
  8016 | D:8      | Reached XP level 10. HP: 92/94 MP: 9/9
  8074 | D:8      | Identified the +6 morningstar "Egg" {freeze, rPois}
 10139 | D:10     | Entered Level 10 of the Dungeon
 10320 | D:10     | Found an opulent altar of Gozag.
 10487 | D:10     | Reached skill level 10 in Armour
 10654 | D:10     | Found a staircase to the Lair.
 10843 | D:10     | Found a shadowy altar of Dithmenos.
 11000 | D:11     | Noticed a cyclops
 11027 | D:11     | Reached XP level 11. HP: 105/105 MP: 10/10
 11323 | D:11     | Noticed a boulder beetle
 11350 | D:11     | Killed a boulder beetle
 11693 | D:11     | Identified the blade talisman of Lyss {rElec Int+4}
 11715 | D:11     | Found a staircase to the Orcish Mines.
 12071 | D:11     | Noticed a boulder beetle
 12083 | D:11     | Killed a boulder beetle
 12472 | D:12     | HP: 1/107 [very large slime creature (12)]
 13751 | D:12     | Found a shimmering blue altar of Sif Muna.
 13978 | Lair:1   | Entered Level 1 of the Lair of Beasts
 13978 | Lair:1   | Found an iron altar of Okawaru.
 14057 | Lair:1   | Reached XP level 12. HP: 88/117 MP: 11/11
 15096 | Lair:2   | Reached skill level 15 in Long Blades
 15259 | Lair:2   | Reached skill level 15 in Fighting
 15903 | Lair:3   | Noticed a four-headed hydra
 16046 | Lair:3   | Found a runed translucent door.
 16047 | Lair:3   | Found a shimmering altar of Xom.
 16047 | Lair:3   | Noticed Rudyous's ghost (journeyman CoFi)
 16094 | Lair:3   | Killed a one-headed hydra
 16359 | Lair:3   | Reached XP level 13. HP: 71/128 MP: 12/12
 16372 | Lair:3   | Found a staircase to the Shoals.
 16400 | Lair:3   | Reached skill level 1 in Invocations
 17071 | Lair:3   | Found a hole to the Spider Nest.
 17722 | Lair:4   | Reached skill level 15 in Armour
 17887 | Lair:4   | Found a transporter.
 17947 | Lair:4   | Identified the +0 ring mail of Past Mistakes {rPois rF-
                  | rN+++ Dex-2}
 17992 | Lair:4   | Found a viscous altar of Jiyva.
 18145 | Lair:4   | Found a transporter.
 18157 | Lair:4   | Noticed Agan's ghost (journeyman MeSh)
 18425 | Lair:5   | Entered Level 5 of the Lair of Beasts
 18430 | Lair:5   | Noticed Urug
 18449 | Lair:5   | Killed Urug
 18765 | Lair:5   | Reached skill level 5 in Invocations
 19135 | Lair:5   | Reached XP level 14. HP: 77/138 MP: 17/17
 19778 | Lair:5   | Identified the granite talisman "Oxkuucer" {rC+++}
 20278 | D:13     | Noticed an ironbound preserver
 20301 | D:13     | Found a gate to the Vaults.
 20346 | D:13     | Killed an ironbound preserver
 20994 | D:13     | Noticed Kirke
 21014 | D:12     | Killed Kirke
 21322 | D:13     | Found Kaiwis's Antique Armour Shop.
 22528 | D:14     | Found a glowing golden altar of the Shining One.
 23193 | D:14     | Identified the +4 great sword of Embarrassment {venom,
                  | Str+4}
 23243 | D:14     | Found a glowing silver altar of Zin.
 23243 | D:14     | Found a glowing golden altar of the Shining One.
 23243 | D:14     | Found a white marble altar of Elyvilon.
 23487 | D:15     | Entered Level 15 of the Dungeon
 23783 | D:15     | Noticed Roxanne
 23817 | D:15     | Noticed Rupert
 23827 | D:15     | Killed Rupert
 23860 | D:15     | Identified the +7 whip of Kuinyan {spect, rPois rC- Str+6
                  | Stlth-}
 23899 | D:15     | Reached XP level 15. HP: 129/149 MP: 20/20
 24540 | D:15     | Found a staircase to the Depths.
 24598 | D:15     | Found a sacrificial altar of Ru.
 25088 | Orc:1    | Entered Level 1 of the Orcish Mines
 25215 | Orc:1    | Found Tianinyv's Weapon Emporium.
 25215 | Orc:1    | You fall into a shaft and drop 1 floor!
 25215 | Orc:2    | Entered Level 2 of the Orcish Mines
 25219 | Orc:2    | Found Enenlibau's Jewellery Boutique.
 25592 | Orc:2    | Found a staircase to the Elven Halls.
 25670 | Orc:2    | Found Qeof's Jewellery Emporium.
 25797 | Orc:1    | Noticed Jorgrun
 25809 | Orc:1    | Killed Jorgrun
 26041 | Orc:1    | Noticed Josephine
 26049 | Orc:1    | Killed Josephine
 26058 | Orc:1    | Noticed Erica
 26063 | Orc:1    | Killed Erica
 27023 | Orc:2    | Found Wemafin's General Store.
 27023 | Orc:2    | Found Padd's General Store.
 27025 | Orc:2    | Found Mecvik's Armour Boutique.
 27025 | Orc:2    | Found Ciz Gulo's Distillery.
 27040 | Orc:2    | Bought a scroll of identify for 26 gold pieces
 27040 | Orc:2    | Bought a scroll of identify for 26 gold pieces
 27040 | Orc:2    | Bought a scroll of identify for 26 gold pieces
 27045 | Orc:2    | Bought 2 potions of curing for 102 gold pieces
 27045 | Orc:2    | Bought a potion of heal wounds for 85 gold pieces
 27045 | Orc:2    | Bought a potion of might for 68 gold pieces
 27045 | Orc:2    | Bought a potion of heal wounds for 85 gold pieces
 27048 | Orc:2    | Bought a scroll of identify for 22 gold pieces
 27091 | Orc:2    | Bought the ring "Meoxzer" {Str+5 Dex+6 Slay+3 Stlth-} for
                  | 1035 gold pieces
 27301 | Spider:1 | Entered Level 1 of the Spider Nest
 27385 | Spider:1 | Noticed Frances
 27395 | Spider:1 | Killed Frances
 28538 | Spider:2 | Reached skill level 10 in Invocations
 28549 | Spider:2 | Reached XP level 16. HP: 29/160 MP: 22/22
 29258 | Spider:2 | Identified the serpent talisman "Hulutuwn" {Fly Int+3
                  | Slay-3}
 29258 | Spider:2 | Noticed Aizul
 29275 | Spider:2 | Killed Aizul
 29852 | Spider:2 | Noticed Nikola
 29865 | Spider:2 | Killed Nikola
 32838 | Spider:4 | Entered Level 4 of the Spider Nest
 33894 | Spider:4 | Reached XP level 17. HP: 163/171 MP: 0/23
 34735 | Spider:4 | Identified the +2 pair of gloves of True Grit {rElec rPois
                  | Dex+3}
 34769 | Spider:4 | Got a gossamer rune of Zot
 34937 | Shoals:1 | Entered Level 1 of the Shoals
 34978 | Shoals:1 | Identified the ring "Edudac" {Fly rPois Will++ MP+9 Dex-5}
 36758 | Shoals:2 | Found a runed translucent door.
 36758 | Shoals:2 | Noticed javelincjr's ghost (journeyman DjHW)
 36779 | Shoals:2 | Killed javelincjr's ghost
 36785 | Shoals:2 | Identified the +0 pair of gloves of the Stars {rF++ rC++
                  | Will-}
 38795 | Shoals:4 | Entered Level 4 of the Shoals
 38869 | Shoals:4 | HP: 1/176 [merfolk impaler/+0 antimagic trident (10)]
 38871 | Shoals:4 | Slain by a merfolk

Illustrated notes

Levels and vault maps discovered:
D:1:      reono_arrival_mine, layout_loops_ring
D:2:      layout_basic, uniq_jessica, uniq_robin, uniq_sigmund,
          uniq_crazy_yiuf_cottage, uniq_terence
D:3:      layout_basic, ebering_ghost_sewer_d
D:4:      layout_cave_pools, old_standard_altar, serial_shops, shop,
          grunt_decor_arrowhead, eino_tiny_chamber, kennysheep_potato
D:5:      layout_loops_cross, mainiacjoe_sewer_entry_somewhere_in_here_2
D:6:      layout_basic, mainiacjoe_overflow_alcove_2, minmay_temple_entry_glass,
          ebering_ghost_reflecting_pool, hellmonk_no_cap, uniq_eustachio,
          uniq_grinder
D:7:      gammafunk_corrupted_shrine, layout_basic, minitemple,
          mainiacjoe_overflow_small_starburst, minivault_22, uniq_maurice
D:8:      layout_loops_ring
D:9:      layout_stronghold
D:10:     layout_loops_ring, grunt_gozag_breadcrumbs,
          nicolae_dithmenos_through_a_glass_darkly, minmay_lair_entry_grove
D:11:     layout_irregular_city, zombieorc2_lemuel
D:12:     layout_basic, gauntlet_entry_generic, led_sif_pool
D:13:     layout_basic, skrybe_vaults_entry_preservation, serial_shops, shop,
          nicolae_twisting_strands, uniq_kirke
D:14:     layout_basic, good_gods_mini_temple, tso_altar
D:15:     grunt_enter_depths_hoard, layout_rooms, serial_park_fountain,
          hangedman_ru_absence, uniq_roxanne, uniq_rupert
Temple:   eino_narrow_crystal_temple
Lair:1:   layout_regular_city, basic_altar, grunt_megastairs_5
Lair:2:   layout_regular_city
Lair:3:   layout_long_grid, nicolae_shoals_entry_flooding,
          spider_nest_entry_web_field, ebering_ghost_xom,
          infiniplex_staircase_pool_2
Lair:4:   layout_cave_shapes, minmay_slime_entry_oklob_enclosed,
          gammafunk_ghost_arena, serial_bayou_lagoon_a, st_stairs_9
Lair:5:   hangedman_lair_tendril_chambers, layout_long_grid,
          hellmonk_talismancer, serial_bayou_shore_b, uniq_urug
Shoals:1: layout_shoals
Shoals:2: layout_shoals, gammafunk_ghost_grave
Shoals:3: layout_shoals
Shoals:4: shoals_end_hangedman, layout_shoals, ebering_ghost_reflecting_pool,
          nicolae_alphabet_shops, uniq_polyphemus, uniq_mlioglotl
Spider:1: layout_spider_delve, uniq_frances
Spider:2: nicolae_spider_hilbert_zone_1 [nicolae_spider_hilbert_4_sides_1_open,
          nicolae_spider_hilbert_4_sides_1_open,
          nicolae_spider_hilbert_4_sides_1_open,
          nicolae_spider_hilbert_4_sides_1_open,
          nicolae_spider_hilbert_3_sides_1_open,
          nicolae_spider_hilbert_3_sides_1_open,
          nicolae_spider_hilbert_3_sides_1_open,
          nicolae_spider_hilbert_3_sides_1_open,
          nicolae_spider_hilbert_3_sides_1_open,
          nicolae_spider_hilbert_6_sides_1_open,
          nicolae_spider_hilbert_6_sides_1_open,
          nicolae_spider_hilbert_3_sides_1_open,
          nicolae_spider_hilbert_3_sides_1_open,
          nicolae_spider_hilbert_3_sides_1_open,
          nicolae_spider_hilbert_3_sides_1_open,
          nicolae_spider_hilbert_2_sides_1_open], hive_lemuel, uniq_aizul,
          uniq_nikola
Spider:3: layout_spider_delve, nicolae_spider_some_kinda_spiderbox
Spider:4: spider_rune_water
Orc:1:    layout_caves, serial_shops, nicolae_shop_statue_plus, uniq_josephine,
          uniq_jorgrun, uniq_erica
Orc:2:    grunt_orc_tribal_feast, layout_caves, serial_shops,
          nicolae_shop_gaudy_bauble, shop

Skill      XL: |  1  2  3  4  5  6  7  8  9 10 11 12 13 14 15 16 17 |
---------------+----------------------------------------------------+-----
Long Blades    | 4 5 6 7 8 9 11 12 14 15 16 18 19 20 21 | 21.8
Fighting       | 3 4 5 6 7 9 10 12 14 15 16 18 19 20 21 | 21.8
Armour         | 2 4 6 8 10 12 14 15 17 18 19 21 | 21.0
Invocations    | 5 8 10 | 10.2
Throwing       | |  2.0
Dodging        | |  3.2

Action                     |  1- 3 |  4- 6 |  7- 9 | 10-12 | 13-15 | 16-18 || total
---------------------------+-------+-------+-------+-------+-------+-------++-------
  Melee: Long sword        |    86 |   100 |   213 |    24 |     6 |       ||   429
         Headbutt          |     9 |    21 |    57 |   134 |   237 |   215 ||   673
         Scimitar          |       |       |    79 |    24 |       |       ||   103
         Great sword       |       |       |       |   431 |   875 |   743 ||  2049
  Throw: Throwing net      |       |     3 |       |       |       |       ||     3
         Dart              |       |     3 |    23 |    18 |    10 |    15 ||    69
 Invoke: Line Pass         |       |       |     1 |     3 |     7 |     2 ||    13
         Stomp             |       |       |       |     2 |       |     1 ||     3
         Grand Finale      |       |       |       |       |     2 |     2 ||     4
  Evoke: Wand              |       |       |     7 |       |     2 |     8 ||    17
    Use: Scroll            |       |       |       |    11 |    17 |    10 ||    38
         Potion            |       |       |       |       |     2 |     6 ||     8
   Stab: Held in net/web   |       |     1 |       |       |       |       ||     1
         Paralysed         |       |       |     8 |    26 |    69 |    56 ||   159
         Distracted        |       |       |       |     1 |     6 |       ||     7
         Petrified         |       |       |       |       |     1 |       ||     1
         Confused          |       |       |       |       |       |     1 ||     1
 Armour: Leather armour    |    68 |    28 |       |       |       |       ||    96
         Chain mail        |       |    41 |   264 |    65 |   734 |   900 ||  2004
         Plate armour      |       |       |       |   420 |   182 |       ||   602
  Dodge: Dodged            |    83 |    63 |   166 |   214 |   564 |   444 ||  1534
  Block: Other             |       |       |       |       |    75 |   159 ||   234
         Reflection        |       |       |       |       |     3 |     9 ||    12

Table legend: (Time is in decaauts)
 A = Elapsed time spent in this place.
 B = Non-inter-level travel time spent in this place.
 C = Inter-level travel time spent in this place.
 D = Time resting spent in this place.
 E = Time spent auto-exploring this place.
 F = Levels seen in this place.
 G = Mean time per level.
                   A        B        C        D        E       F      G
               +--------+--------+--------+--------+--------+-----+--------+
         Total |  38719 |  36864 |   1855 |   9089 |  19844 |  32 | 1210.0 |
       Dungeon |  18672 |  17671 |   1001 |   3889 |  10189 |  15 | 1244.8 |
        Temple |     30 |      2 |     28 |      0 |      0 |   1 |   30.0 |
          Lair |   6228 |   6011 |    217 |   1046 |   3593 |   5 | 1245.6 |
        Shoals |   3848 |   3765 |     83 |    631 |   2348 |   4 |  962.0 |
   Spider Nest |   7486 |   7089 |    397 |   2842 |   2552 |   4 | 1871.5 |
  Orcish Mines |   2057 |   1929 |    128 |    578 |   1006 |   2 | 1028.5 |
         Sewer |    395 |    395 |      0 |    101 |    155 |   1 |  395.0 |
               +--------+--------+--------+--------+--------+-----+--------+

Top non-repeatable levels by time:
Spider:2: 2695 daAuts
Spider:4: 1970 daAuts
  Lair:3: 1921 daAuts
    D:14: 1680 daAuts
    D:12: 1652 daAuts
    D:11: 1642 daAuts
  Lair:5: 1584 daAuts
     D:7: 1563 daAuts
Spider:3: 1487 daAuts
    D:15: 1478 daAuts
     D:2: 1474 daAuts
    D:13: 1452 daAuts
Shoals:2: 1353 daAuts
Spider:1: 1332 daAuts
   Orc:2: 1321 daAuts
